[Event "*** Titled Tuesday Blitz"]
[Site "Chess.com"]
[Date "2020.11.03"]
[Round "6"]
[White "kidagent"]
[Black "RamyresCoelho"]
[Result "1-0"]
[WhiteElo "2301"]
[BlackElo "2059"]
[TimeControl "180+1"]
[EndTime "11:09:35 PST"]
[Termination "kidagent won by resignation"]

1. e4 c5 2. Nf3 d6 3. d4 cxd4 4. Nxd4 Nf6 5. Nc3 a6 6. Bg5 e6 7. f4 b5 8. e5 h6 9. Qf3 Ra7 10. exf6 hxg5 11. fxg5 gxf6 12. gxf6 Bb7 13. Qf2 Ra8 14.
O-O-O Bh6+ 15. Kb1 Nd7 16. Ndxb5 axb5 17. Nxb5 Bd5 18.
Nxd6+ Kf8 19. c4 Qa5 20. a3 Bc6 21. Be2 Rb8 22. Nb5 Be4+ 23. Bd3 Bxd3+ 24. Rxd3 Ne5 25. Qc5+ Kg8 26. Qxe5 Rd8 27. Rg3+ Kf8 28. Qc5+ Ke8 29. Nc7+ Qxc7 30. Qxc7 Bf8 31. Qc6+ Rd7 32. Rd1 Bd6 33. Rxd6 1-0

[Event "*** Titled Tuesday Blitz"]
[Site "Chess.com"]
[Date "2020.11.03"]
[Round "6"]
[White "TigrVShlyape"]
[Black "Nuvas"]
[Result "1-0"]
[WhiteElo "2885"]
[BlackElo "2289"]
[TimeControl "180+1"]
[EndTime "11:09:36 PST"]
[Termination "TigrVShlyape won by resignation"]

1. d4 Nf6 2. Nf3 d5 3. Bf4 c5 4.
e3 Nc6 5. Nbd2 cxd4 6. exd4 Bg4 7.
c3 e6 8. Qb3 Qb6 9. Bd3 Be7 10.
O-O O-O 11. Rfe1 Bh5 12. Ne5 Nxe5 13. Bxe5 Qc6 14. a4 a6 15. a5 Bg6 16. Bf1 Nd7 17. Bf4 Rfc8 18. Be2 Nf6 19. h3 Ne8 20. Nf3 f6 21.
Bf1 Qd7 22. c4 Bd6 23. Bxd6 Qxd6 24. c5 Qd7 25. Qe3 Nc7 26. Ra3 Re8 27. Rb3 Nb5 28. Rb4 Qc7 29. Bxb5 axb5 30. Rxb5 Rxa5 31. Rb6 e5 32. dxe5 Rxc5 33. Rxb7 Qxb7 34. Qxc5 Qxb2 35. e6 Qb3 36. Nd4 Qc3 37. Qxc3 1-0

[Event "*** Titled Tuesday Blitz"]
[Site "Chess.com"]
[Date "2020.11.03"]
[Round "6"]
[White "Nikolaj_6"]
[Black "ChronicUnhappiness"]
[Result "1-0"]
[WhiteElo "2544"]
[BlackElo "2349"]
[TimeControl "180+1"]
[EndTime "11:09:36 PST"]
[Termination "Nikolaj_6 won on time"]

1. e4 c5 2. Nf3 Nc6 3. d4 cxd4 4. Nxd4 Nf6 5. Nc3 e5 6. Ndb5 d6 7. Nd5 Nxd5 8. exd5 Nb8 9. a4 Be7 10. Be2 O-O 11.
O-O a6 12. Na3 a5 13. Kh1 f5 14. f4 e4 15. Be3 Na6 16. Nc4 Nc5 17. Bxc5 dxc5 18.
d6 Bf6 19. Qd5+ Kh8 20. Qxc5 Be6 21. c3 Rc8 22. Qb5 Bxc4 23. Bxc4 Qxd6 24. Rad1 Qc5 25. Be6 Qxb5 26. axb5 Rc5 27. b6 Rb5 28. Rf2 g6 29. g4 fxg4 30. Rd6 Be7 31. Rd7 Bc5 32. Re2 Rxb6 33.
Bxg4 e3 34. Rd5 Rxf4 35. Rxc5 Rxg4 36. Rxa5 Rf6 37. Ra1 Re4 38. Rae1 Rfe6 39. Kg2 Kg7 40. Kf3 b5 41. Rxe3 Rxe3+ 42. Rxe3 Rxe3+ 43. Kxe3 Kf6 44. Kf4 g5+ 45. Ke4 Ke6 46. h3 h5 47. b3 Kd6 48. Kf5 g4 49. hxg4 h4 50. Kf4 Kd5 51. g5 Ke6 52. Kg4 h3 53. Kxh3 Kf5 54. Kh4 Kg6 55. Kg4 b4 56. cxb4 1-0

[Event "*** Titled Tuesday Blitz"]
[Site "Chess.com"]
[Date "2020.11.03"]
[Round "6"]
[White "vladgoncharov"]
[Black "MF1966Idrisov"]
[Result "0-1"]
[WhiteElo "2463"]
[BlackElo "2358"]
[TimeControl "180+1"]
[EndTime "11:09:36 PST"]
[Termination "MF1966Idrisov won by resignation"]

1. d4 d5 2. c4 e6 3. Nc3 Nf6 4. Bg5 Be7 5. e3 O-O 6. Bd3 b6 7. cxd5 Nxd5 8. Bxe7 Qxe7 9. Nxd5 exd5 10. Ne2 Bg4 11. O-O Bxe2 12. Qxe2 g6 13. Rac1 Rc8 14. Qf3 Qd6 15. Rfd1 Nd7 16. Ba6 Rd8 17. Bb5 Qb4 18.
Bc6 Rab8 19. Bxd5 Rf8 20. Rxc7 Rbd8 21. Bb3 a5 22. h4 a4 23. Rc4 Qd6 24. Bxa4 b5 25.
Bxb5 Ne5 26. Qe2 Nxc4 27. Bxc4 h5 28. g3 Kg7 29. b3 Rfe8 30. Qf3 Qc7 31. a4 Rd6 32.
Kg2 Rf6 33. Qe2 Re4 34. d5 Rg4 35. Qb2 Qb6 36. d6 Rxc4 37. d7 Qc6+ 38. Kg1 Rc2 39.
Qxf6+ Qxf6 40. f4 Qd8 0-1

[Event "*** Titled Tuesday Blitz"]
[Site "Chess.com"]
[Date "2020.11.03"]
[Round "6"]
[White "Indianlad"]
[Black "KuzubovYuriy"]
[Result "0-1"]
[WhiteElo "2941"]
[BlackElo "2842"]
[TimeControl "180+1"]
[EndTime "11:09:37 PST"]
[Termination "KuzubovYuriy won by resignation"]

1. b3 d5 2. Bb2 c5 3. e3 e6 4. Nf3 Nc6 5. g3 Nf6 6. Bg2 Bd6 7. O-O e5 8. d3 O-O 9. h3 Re8 10. Nc3 h6 11. Nd2 Bf8 12. Ne2 b6 13. Kh2 Bb7 14. a3 Qd7 15. g4 Rad8 16. Ng3 Nh7 17. Kh1 g6 18. f4 exf4 19. exf4 Re3 20. Rf3 Rde8 21. Rxe3 Rxe3 22. Ndf1 Re8 23. Qf3 d4 24. Qf2 Ne7 25. Nd2 Bxg2+ 26. Qxg2 Nd5 27. Qf2 Bd6 28. f5 Bxg3 29. Qxg3 Re3 30. Qb8+ Kg7 31. Rf1 Rxh3+ 32. Kg2 Ng5 33. Ne4 Ne3+ 34. Kg1 Nxe4 35. dxe4 Nxf1 36. Kxf1 Re3 37. Bc1 Qb5+ 0-1

[Event "*** Titled Tuesday Blitz"]
[Site "Chess.com"]
[Date "2020.11.03"]
[Round "6"]
[White "Neftegor"]
[Black "alexsergeyev"]
[Result "0-1"]
[WhiteElo "2442"]
[BlackElo "2339"]
[TimeControl "180+1"]
[EndTime "11:09:38 PST"]
[Termination "alexsergeyev won by resignation"]

1. d4 d5 2. c4 c6 3. Nc3 Nf6 4. e3 g6 5. Nf3 Bg7 6. Be2 O-O 7. O-O b6 8. b3 Bb7 9. Bb2 Nbd7 10. Qc2 Rc8 11. e4 dxe4 12. Nxe4 Nxe4 13. Qxe4 Re8 14.
Rad1 Qc7 15. Qh4 c5 16. Bc1 Bxf3 17. Bxf3 cxd4 18. Rfe1 e5 19. Qg3 Nf6 20. Bg5 h6 21. Bxf6 Bxf6 22. Bd5 Kg7 23. Qf3 h5 24. Re4 Red8 25. g4 hxg4 26. Rxg4 Rh8 27. Kh1 Rh5 28. Rdg1 Rch8 29. R1g2 e4 30. Qg3 Qxg3 31. R4xg3 Be5 32. Bxe4 Bxg3 33. fxg3 Re5 34. Bd3 Re1+ 35. Rg1 Rxg1+ 36. Kxg1 Re8 37. Kf2 Re3 38. Be2 f5 39. b4 Ra3 40.
Ke1 Rxa2 41. Kd1 Kf6 42. c5 bxc5 43. bxc5 Ke5 44. Bf3 Rxh2 45. Bb7 a5 0-1

[Event "*** Titled Tuesday Blitz"]
[Site "Chess.com"]
[Date "2020.11.03"]
[Round "6"]
[White "Flopezin"]
[Black "karwowskikacper"]
[Result "0-1"]
[WhiteElo "2356"]
[BlackElo "2467"]
[TimeControl "180+1"]
[EndTime "11:09:40 PST"]
[Termination "karwowskikacper won by resignation"]

1. c4 e6 2. d4 Nf6 3. Nf3 b6 4.
g3 Ba6 5. Bg2 Bxc4 6. Nc3 d5 7.
b3 Ba6 8. Ne5 Be7 9. O-O O-O 10.
Re1 c5 11. Bb2 cxd4 12. Qxd4 Bb7 13. Rad1 Nc6 14. Nxc6 Bxc6 15. h3 Rc8 16. Qf4 Qc7 17.
Qxc7 Rxc7 18. Bc1 Bb4 19. Bd2 Bd7 20. Nb1 Bxd2 21. Rxd2 Rfc8 22. Na3 Rc1 23. Kf1 b5 24. Rdd1 Rxd1 25. Rxd1 b4 26. Nb1 Bb5 27. Ke1 a5 28. Kd2 Kf8 29. e3 Ke7 30. Rc1 Rxc1 31. Kxc1 e5 32.
Nd2 Kd6 33. Kc2 Nd7 34. Nf3 f6 35. Nd2 Nc5 36. Bf3 e4 37. Bg4 Nd3 38. Be2 Ne1+ 39. Kd1 Bxe2+ 40. Kxe2 Nd3 41. Nb1 Kc5 42. f3 Nc1+ 43.
Kd2 Nxa2 44. fxe4 dxe4 45. Kc2 f5 46. g4 fxg4 47. hxg4 h6 48. Kb2 Nc3 49. Nxc3 bxc3+ 50. Kxc3 g6 51. Kd2 Kb4 0-1

[Event "*** Titled Tuesday Blitz"]
[Site "Chess.com"]
[Date "2020.11.03"]
[Round "6"]
[White "Pertinhez76"]
[Black "Maxim_e2e4"]
[Result "0-1"]
[WhiteElo "2137"]
[BlackElo "2373"]
[TimeControl "180+1"]
[EndTime "11:09:40 PST"]
[Termination "Maxim_e2e4 won on time"]

1. d4 Nf6 2. Bf4 c5 3. e3 g6 4. Nf3 Bg7 5. c3 O-O 6. Nbd2 d6 7. Be2 Nh5 8. Bg3 Qb6 9. Rb1 cxd4 10. cxd4 Bf5 11.
e4 Bd7 12. a3 Nc6 13. Nc4 Qd8 14. Ne3 Nxg3 15. hxg3 e5 16. d5 Nd4 17. Kf1 Rc8 18. Bd3 f5 19. exf5 Nxf5 20. Nxf5 gxf5 21. Nh4 e4 22.
Be2 Qg5 23. Kg1 f4 24. gxf4 Qxf4 25. Qe1 e3 26. f3 Qg5 27. Bd3 Bd4 28. Qe2 Rf4 29.
Bxh7+ Kxh7 30. Nf5+ Kg8 31. Nxd6 Rc2 32. Qxc2 e2+ 0-1

[Event "*** Titled Tuesday Blitz"]
[Site "Chess.com"]
[Date "2020.11.03"]
[Round "6"]
[White "ethylalcohol"]
[Black "gumimis"]
[Result "0-1"]
[WhiteElo "2082"]
[BlackElo "2244"]
[TimeControl "180+1"]
[EndTime "11:09:41 PST"]
[Termination "gumimis won on time"]

1. d4 Nf6 2. Bf4 g6 3. Nf3 Bg7 4. Nc3 O-O 5. Qd2 d6 6. Bh6 Nbd7 7. O-O-O c5 8. dxc5 Nxc5 9. Bxg7 Kxg7 10. Qd4 Qa5 11. e4 Be6 12. a3 Rac8 13. e5 dxe5 14. Qxe5 Kg8 15. Be2 Ng4 16. Qg3 Na4 17. Nxa4 Qxa4 18. Nd4 Rfd8 19. Bxg4 Rxd4 20. c3 Rxg4 0-1

[Event "*** Titled Tuesday Blitz"]
[Site "Chess.com"]
[Date "2020.11.03"]
[Round "6"]
[White "Oleksandr_Bortnyk"]
[Black "Alexsur1981"]
[Result "0-1"]
[WhiteElo "2907"]
[BlackElo "2789"]
[TimeControl "180+1"]
[EndTime "11:09:42 PST"]
[Termination "Alexsur1981 won by resignation"]

1. d4 d5 2. Nc3 Bf5 3. Bg5 c6 4.
Nf3 Nf6 5. Nh4 Bg6 6. e3 Nbd7 7. Nxg6 hxg6 8. h3 Qb6 9. a3 e5 10. Be2 exd4 11. exd4 Bd6 12. O-O O-O 13. Rb1 a6 14. Bf3 Rfe8 15. Qd3 Qc7 16. Ne2 Ne4 17. Be3 b5 18. a4 Nb6 19. b3 bxa4 20. c4 axb3 21. c5 Bh2+ 22. Kh1 Nc4 23. Rxb3 Ng3+ 24. Nxg3 Bxg3 25.
Rfb1 Nxe3 26. fxe3 Qe7 27. Kg1 a5 28. Rb6 Qxe3+ 29. Qxe3 Rxe3 30. Rxc6 Rae8 31. Rf1 Re1 32. Rc8 Rxf1+ 33. Kxf1 Rxc8 34. Ke2 Rd8 35. Kd3 a4 36.
Bd1 a3 37. Bb3 Kf8 38. Ba2 Ke7 39. Kc3 Ke6 40. Kb4 Bf2 41. Kxa3 Bxd4 42. Kb4 Rb8+ 0-1

[Event "*** Titled Tuesday Blitz"]
[Site "Chess.com"]
[Date "2020.11.03"]
[Round "6"]
[White "NewBornNow"]
[Black "rynos0411"]
[Result "1-0"]
[WhiteElo "2650"]
[BlackElo "2482"]
[TimeControl "180+1"]
[EndTime "11:09:42 PST"]
[Termination "NewBornNow won by resignation"]

1. e4 e5 2. Nf3 Nc6 3. Bc4 Bc5 4. d3 d6 5. c3 Nf6 6. Nbd2 O-O 7. h3 a6 8. Bb3 Ba7 9. Nf1 Ne7 10. Ng3 Ng6 11. O-O c6 12. d4 Qc7 13. Bg5 Ne8 14. Qd2 Be6 15. Bc2 d5 16. Nxe5 Nxe5 17. dxe5 Qxe5 18. Bf4 Qf6 19. e5 Qe7 20. Kh1 Nc7 21. Rae1 Qd7 22. Kh2 d4 23. Qd3 g6 24. Ne4 Kh8 25. Nf6 Qe7 26.
Qg3 Nd5 27. Bg5 Qc7 28. Qh4 h5 29. Nxh5 1-0

[Event "*** Titled Tuesday Blitz"]
[Site "Chess.com"]
[Date "2020.11.03"]
[Round "6"]
[White "hansen"]
[Black "Semen_Khanin"]
[Result "1-0"]
[WhiteElo "2941"]
[BlackElo "2778"]
[TimeControl "180+1"]
[EndTime "11:09:43 PST"]
[Termination "hansen won by resignation"]

1. e4 e5 2. Nf3 Nc6 3. Bb5 a6 4. Ba4 Nf6 5. O-O Nxe4 6. d4 Be7 7. Re1 b5 8. Rxe4 d5 9. Nxe5 Nxe5 10. Rxe5 bxa4 11.
Nc3 O-O 12. Rxd5 Bd6 13. Bf4 Bb7 14. Bxd6 cxd6 15. Rh5 a3 16. bxa3 Rc8 17. Qd3 g6 18. Rh3 Re8 19. Rb1 Qa5 20. Rg3 Qxa3 21. h4 Ba8 22. h5 Kg7 23. Qd2 Qa5 24. h6+ Kf8 25. Qf4 Rxc3 26. Qxd6+ Kg8 27. Qf6 Kf8 28. Qh8+ Ke7 29.
Re1+ Kd6 30. Qxe8 Rxg3 31. Qe7+ Kc6 32. Qf6+ Kb5 33. Re5+ Kb4 34. Qd6+ 1-0

[Event "*** Titled Tuesday Blitz"]
[Site "Chess.com"]
[Date "2020.11.03"]
[Round "6"]
[White "PetrolulSah"]
[Black "Kotofeyca"]
[Result "0-1"]
[WhiteElo "2183"]
[BlackElo "2374"]
[TimeControl "180+1"]
[EndTime "11:09:43 PST"]
[Termination "Kotofeyca won by resignation"]

1. d4 d5 2. Nf3 c6 3. g3 Bg4 4. Bg2 Nd7 5. O-O e6 6. c4 Ngf6 7. Nc3 Bd6 8. Bf4 Bxf4 9. gxf4 O-O 10. Ne5 Bh5 11. Qc2 Rc8 12. e3 Nb6 13. c5 Nbd7 14.
b4 Nxe5 15. fxe5 Bg6 16. Qe2 Ne4 17. Nxe4 Bxe4 18. f3 Bg6 19. b5 f6 20. f4 b6 21.
Rac1 bxc5 22. Rxc5 cxb5 23. Qxb5 Qb6 24. Qd7 Rxc5 25.
dxc5 Qxc5 26. Qxe6+ Bf7 27. Qd6 Qxe3+ 28. Kh1 d4 29. exf6 d3 30. fxg7 Kxg7 31. Qe5+ Qxe5 32. fxe5 Bh5 33. Rg1 Kh6 34. Be4 d2 0-1

[Event "*** Titled Tuesday Blitz"]
[Site "Chess.com"]
[Date "2020.11.03"]
[Round "6"]
[White "Karateloru"]
[Black "kirillshevchenko"]
[Result "1-0"]
[WhiteElo "2721"]
[BlackElo "2863"]
[TimeControl "180+1"]
[EndTime "11:09:45 PST"]
[Termination "Karateloru won on time"]

1. e4 e5 2. Nf3 d6 3. Bc4 Nf6 4. d3 Be7 5. O-O O-O 6. c3 c5 7. Re1 Nc6 8. Nbd2 Na5 9. Bb5 a6 10. Ba4 b5 11. Bc2 Qc7 12. d4 cxd4 13. cxd4 Nc6 14. Nf1 Bg4 15. dxe5 dxe5 16. Be3 Rfd8 17. Qe2 Rac8 18. Rac1 Be6 19. Bb3 Bxb3 20. axb3 Nxe4 21. Qc2 Nf6 22. Ng3 Qb7 23. Nf5 Bf8 24. Qb1 e4 25. N3d4 Ne5 26. Bg5 Rxc1 27. Rxc1 Nd3 28. Bxf6 gxf6 29.
Rc6 Rd5 30. Qc2 Rc5 31. Rxc5 Bxc5 32. Qe2 Ne5 33. Qh5 Bxd4 34. Qh6 Bxf2+ 35. Kh1 1-0

[Event "*** Titled Tuesday Blitz"]
[Site "Chess.com"]
[Date "2020.11.03"]
[Round "6"]
[White "GigaQuparadze"]
[Black "Maghalashvili"]
[Result "1-0"]
[WhiteElo "2868"]
[BlackElo "2688"]
[TimeControl "180+1"]
[EndTime "11:09:45 PST"]
[Termination "GigaQuparadze won by resignation"]

1. e4 c5 2. Nf3 d6 3. d4 cxd4 4. Nxd4 Nf6 5. Nc3 a6 6. Be2 e5 7.
Nb3 Be7 8. O-O O-O 9. Kh1 Nc6 10. a4 Be6 11. f4 exf4 12. Bxf4 d5 13. e5 Ne4 14. Bd3 f5 15. exf6 Bxf6 16. Nxe4 dxe4 17. Nc5 Bd5 18. Nxe4 Nb4 19. Nxf6+ Qxf6 20. Bd2 Qc6 21. Qg4 Nxd3 22. cxd3 Qg6 23. Qxg6 hxg6 24. Kg1 Rac8 25.
Bc3 Rxf1+ 26. Rxf1 Re8 27. Rf4 Re7 28. Rg4 Kf7 29. h4 Bc6 30. a5 Re6 31. Kf2 Kg8 32.
h5 Kh7 33. Rg3 Kh6 34. hxg6 Rxg6 35. Rh3+ Kg5 36. Rh7 Kf5 37. Rxg7 Rxg7 38. Bxg7 Kg4 39. Be5 Kf5 40. Bb8 Bb5 41. Ke3 Bc6 42. g3 Kg4 43. Kd4 Bb5 44. Ke4 Bc6+ 45. Ke5 Kg5 46. d4 Kg6 47. d5 Bb5 48. Kd6 Bc4 49. Kc5 Bb3 50.
d6 Ba4 51. Kb6 Bc6 52. Kc7 1-0

[Event "*** Titled Tuesday Blitz"]
[Site "Chess.com"]
[Date "2020.11.03"]
[Round "6"]
[White "profofchess"]
[Black "Alexchess1984"]
[Result "1-0"]
[WhiteElo "2386"]
[BlackElo "2550"]
[TimeControl "180+1"]
[EndTime "11:09:45 PST"]
[Termination "profofchess won by resignation"]

1. e4 e6 2. d4 d5 3. Nc3 Bb4 4. e5 c5 5. Bd2 Nc6 6. a3 Bxc3 7.
Bxc3 Nh6 8. f4 Qb6 9. Nf3 Nf5 10.
dxc5 Qxc5 11. Bd3 Qe3+ 12. Qe2 Qxf4 13. Bd2 Qg4 14. O-O-O Bd7 15. h3 Qa4 16. Qf2 Rc8 17.
Rdf1 O-O 18. g4 Nfd4 19. Qh4 f5 20. exf6 Rxf6 21. Qxh7+ Kf8 22. Qh8+ Ke7 23. Qxg7+ Rf7 24. Bg5+ Kd6 25. Qxf7 Nxf3 26. Rxf3 Nd4 27. Bf4+ Kc6 28. Rf2 Kb6 29. Qf6 Bb5 30. Be3 Bxd3 31. Qxd4+ Qxd4 32. Bxd4+ Kb5 33. Kd1 Be4 34. Rg1 Kc4 35. Be5 d4 36.
Rf4 Kd5 37. Bxd4 Kxd4 38. Re1 Kd5 39. Rfxe4 1-0

[Event "*** Titled Tuesday Blitz"]
[Site "Chess.com"]
[Date "2020.11.03"]
[Round "6"]
[White "PlotnikovPavel"]
[Black "Flawless_Fighter"]
[Result "0-1"]
[WhiteElo "2449"]
[BlackElo "2657"]
[TimeControl "180+1"]
[EndTime "11:09:45 PST"]
[Termination "Flawless_Fighter won by resignation"]

1. e4 c6 2. d4 d5 3. exd5 cxd5 4. Bd3 Nc6 5. c3 Nf6 6. Bf4 Bg4 7. Qb3 Qd7 8. Nd2 e6 9. Ngf3 Bd6 10. Bxd6 Qxd6 11.
O-O O-O 12. Rae1 Bxf3 13. Nxf3 Qc7 14. Ne5 Nxe5 15. Rxe5 b5 16. Rg5 Rab8 17. f4 b4 18. Qc2 bxc3 19. bxc3 Rfc8 20. Rg3 g6 21. f5 Nh5 22.
Rg5 Qxc3 23. fxg6 hxg6 24. Bxg6 Qxd4+ 25. Kh1 Rxc2 26. Bxf7+ Kf8 27. Bxh5+ Rf2 28. Rxf2+ Qxf2 29. Rg8+ Kxg8 30. Bf7+ Kxf7 0-1

[Event "*** Titled Tuesday Blitz"]
[Site "Chess.com"]
[Date "2020.11.03"]
[Round "6"]
[White "BilodeauA"]
[Black "Gloomy_Wanderer"]
[Result "1-0"]
[WhiteElo "2877"]
[BlackElo "2698"]
[TimeControl "180+1"]
[EndTime "11:09:46 PST"]
[Termination "BilodeauA won on time"]

1. d4 Nf6 2. Nc3 d5 3. Bf4 c5 4. e3 cxd4 5. exd4 a6 6. Nf3 Bg4 7. h3 Bxf3 8. Qxf3 Nc6 9. O-O-O e6 10. Kb1 Bd6 11. g4 h6 12. h4 Bxf4 13. Qxf4 Qb8 14. Qf3 Qd6 15. g5 hxg5 16. hxg5 Rxh1 17. Qxh1 Nd7 18. g6 f5 19. Qh8+ Qf8 20. Qh2 O-O-O 21.
Ne2 Nf6 22. Nf4 Qd6 23. Qg3 Rh8 24. Qe3 Ng4 25. Qxe6+ Qxe6 26. Nxe6 Nxf2 27. Re1 Re8 28. Re2 Re7 29. c3 Ng4 30. Nf4 Rxe2 31. Bxe2 Ne7 32. Bf3 Nf6 33. Kc2 Kd7 34. Kd3 Kd6 35. Ke3 Nd7 36.
Nh5 Nxg6 37. Nxg7 f4+ 38. Kd3 Nf6 39. a4 a5 40. Nf5+ Ke6 41. Ng7+ Kf7 42. Nh5 Nxh5 43. Bxh5 Kf6 44. Bg4 Ne7 45. c4 1-0

[Event "*** Titled Tuesday Blitz"]
[Site "Chess.com"]
[Date "2020.11.03"]
[Round "6"]
[White "djano"]
[Black "PauloCesarCosta_sad"]
[Result "1-0"]
[WhiteElo "2461"]
[BlackElo "2330"]
[TimeControl "180+1"]
[EndTime "11:09:46 PST"]
[Termination "djano won on time"]

1. Nf3 Nf6 2. d4 g6 3. Nc3 d5 4. Bf4 c6 5. e3 Bg7 6. h3 Bf5 7. g4 Be4 8. Nxe4 Nxe4 9. Nd2 Nxd2 10. Qxd2 Nd7 11. Bg2 O-O 12. O-O-O e5 13. Bg3 exd4 14. exd4 Re8 15. h4 Nf6 16. f3 Qd7 17. h5 Re7 18.
hxg6 fxg6 19. Be5 Ne8 20. f4 Bxe5 21. fxe5 Qxg4 22. Bh3 Qe4 23. Rde1 Qf3 24. Ref1 Qe4 25. Bg2 Qg4 26. Bh3 Qe4 27. Rhg1 c5 28. Rf4 cxd4 29. Rxe4 dxe4 30. Qxd4 Ng7 31. Qxe4 Rae8 32. Re1 Ne6 33. Qc4 b6 34. Rd1 Kg7 35. Bxe6 Rxe6 36. Rd7+ R6e7 37. e6 1-0

[Event "*** Titled Tuesday Blitz"]
[Site "Chess.com"]
[Date "2020.11.03"]
[Round "6"]
[White "AnishOnYoutube"]
[Black "Promacherr"]
[Result "1-0"]
[WhiteElo "2978"]
[BlackElo "2707"]
[TimeControl "180+1"]
[EndTime "11:09:48 PST"]
[Termination "AnishOnYoutube won by resignation"]

1. e4 e6 2. d4 d5 3. Nc3 Nf6 4. e5 Nfd7 5. f4 c5 6. Nf3 Nc6 7. Be3 Be7 8. Qd2 O-O 9. Be2 a6 10. O-O b5 11. a3 Qc7 12. Kh1 cxd4 13. Nxd4 Nxd4 14. Bxd4 Bc5 15. Rad1 Bb7 16. Qe3 Bxd4 17. Qxd4 f6 18. exf6 Nxf6 19. Bd3 Rae8 20. Rde1 Qd6 21. Rf3 Nd7 22. Ref1 Qc5 23. Ne2 Qxd4 24. Nxd4 e5 25. fxe5 Rxe5 26. Bf5 Nf6 27. Rc3 Rfe8 28. Kg1 R8e7 29.
Bc8 h6 30. Nf5 Rf7 31. Nd6 d4 32. Nxf7 Kxf7 33. Rc7+ 1-0

[Event "*** Titled Tuesday Blitz"]
[Site "Chess.com"]
[Date "2020.11.03"]
[Round "6"]
[White "chenxiaoyuer"]
[Black "DenisQ"]
[Result "1/2-1/2"]
[WhiteElo "2502"]
[BlackElo "2659"]
[TimeControl "180+1"]
[EndTime "11:09:48 PST"]
[Termination "Game drawn by repetition"]

1. e4 c6 2. d4 d5 3. Nd2 dxe4 4. Nxe4 Bf5 5. Ng3 Bg6 6. h4 h6 7. Nf3 e6 8. Ne5 Bh7 9. Bd3 Bxd3 10. Qxd3 Nd7 11. Bf4 Qa5+ 12. c3 Ngf6 13. Ne4 Nxe4 14. Qxe4 Qd5 15. f3 Nxe5 16. Bxe5 Qxe4+ 17. fxe4 f6 18. Bf4 h5 19. Ke2 Kd7 20. Rag1 Bd6 21. Be3 f5 22. e5 Be7 23. Rh3 Rhg8 24. Rgh1 b5 25. Rg3 g6 26. Bg5 a5 27. Bxe7 Kxe7 28. Kd3 a4 29. Kc2 Kf7 30. Kb1 Rgd8 31. Kc2 Rd5 32. Rd1 Rad8 33. Rgd3 Rg8 34. Rg3 Rgd8 35. Rgd3 Ke7 36.
b4 Rg8 37. Rg3 Kf7 38. Rg5 Rgd8 39. Rf1 R5d7 40. Rf4 Rd5 41. a3 R5d7 42. g3 Kg7 43. Kb2 Rd5 44. Kc2 R8d7 45. Kb2 Rd8 46. Kc2 R8d7 47. Kb2 Rd8 1/2-1/2

[Event "*** Titled Tuesday Blitz"]
[Site "Chess.com"]
[Date "2020.11.03"]
[Round "6"]
[White "Volodar_Murzin"]
[Black "Rakesh"]
[Result "0-1"]
[WhiteElo "2600"]
[BlackElo "2476"]
[TimeControl "180+1"]
[EndTime "11:09:48 PST"]
[Termination "Rakesh won by resignation"]

1. e4 c5 2. Nf3 e6 3. g3 Nc6 4. Bg2 g6 5. O-O Bg7 6. Re1 e5 7. Na3 Nge7 8. d3 O-O 9. c3 d6 10. d4 cxd4 11. cxd4 Nxd4 12. Nxd4 exd4 13. Bf4 Nc6 14.
Rc1 Be6 15. Nb5 Be5 16. Bh6 Re8 17. f4 Bf6 18. e5 dxe5 19. fxe5 Nxe5 20. Nc7 Bg4 21.
Qb3 d3 22. Nxe8 Qxe8 23. Bd2 Rd8 24. Re4 Bf5 25. Ree1 Qd7 26. Qb4 Ng4 27. h3 Bd4+ 28. Kh1 Nf2+ 29. Kh2 Bxh3 30. Re7 Qg4 31. Re8+ Rxe8 0-1

[Event "*** Titled Tuesday Blitz"]
[Site "Chess.com"]
[Date "2020.11.03"]
[Round "6"]
[White "Misticpikachu"]
[Black "Kaslask"]
[Result "1-0"]
[WhiteElo "2497"]
[BlackElo "2298"]
[TimeControl "180+1"]
[EndTime "11:09:48 PST"]
[Termination "Misticpikachu won by resignation"]

1. c4 Nf6 2. Nc3 g6 3. e4 d6 4.
d4 Bg7 5. h3 O-O 6. Be3 e5 7. d5 a5 8. g4 Na6 9. Nge2 c6 10. Ng3 cxd5 11. cxd5 Nc5 12. Qd2 a4 13. f3 Qa5 14. h4 Bd7 15. h5 Rfc8 16. h6 Bf8 17. g5 Ne8 18. Be2 b5 19. Nd1 b4 20.
Nf2 Bb5 21. O-O Nd7 22. Rac1 Be7 23. Rxc8 Rxc8 24. a3 Bxe2 25. Nxe2 Rb8 26. Nd3 Nc5 27.
axb4 Qb5 28. bxc5 dxc5 29. Nc3 Qc4 30. Nxe5 Qb3 31. Nc6 Rb7 32. Nxe7+ Rxe7 33. Bxc5 Rb7 34. Ba3 Qc4 35. Qe3 Qc7 36. Kg2 Nd6 37. Bxd6 Qxd6 38. e5 Qd8 39. Rf2 Rb3 40. e6 a3 41. exf7+ Kxf7 42. bxa3 Rxc3 43. Qxc3 Qxg5+ 44. Kf1 1-0

[Event "*** Titled Tuesday Blitz"]
[Site "Chess.com"]
[Date "2020.11.03"]
[Round "6"]
[White "Kapibara_Warri0r"]
[Black "Loy_Konstantin"]
[Result "0-1"]
[WhiteElo "2150"]
[BlackElo "2373"]
[TimeControl "180+1"]
[EndTime "11:09:49 PST"]
[Termination "Loy_Konstantin won by resignation"]

1. e4 c5 2. Nf3 d6 3. d4 cxd4 4. Nxd4 Nf6 5. Nc3 g6 6. Be3 Bg7 7. f3 O-O 8. g4 Nc6 9. Qd2 Bd7 10.
O-O-O Rc8 11. h4 Ne5 12. Be2 Qa5 13. Kb1 b5 14. Nd5 Qxd2 15. Nxe7+ Kh8 16. Rxd2 Rce8 17. Nd5 Nxd5 18. exd5 Nxf3 19. Bxf3 Rxe3 20. Rf1 Rfe8 21. a3 a6 22. Nc6 Re1+ 23. Rxe1 Rxe1+ 24. Ka2 Re3 25.
Rd3 Rxd3 26. cxd3 f5 27. gxf5 Bxf5 28. Nb8 Bc8 29. Nc6 Bf6 30. h5 g5 31. Kb3 g4 32. Bg2 Kg7 33. Kb4 Bxb2 34. Ne7 Bd7 35. Nc6 Kh6 36. Nb8 Bc8 37. a4 bxa4 38. Kxa4 Kxh5 39.
Be4 h6 40. Nc6 Kg5 41. Nb4 Be5 42. Nc2 h5 43. Ne3 h4 44. Nc4 Kf4 45. Nxe5 Kxe5 46. Ka5 h3 47. Kb6 g3 48. Kc7 g2 0-1

[Event "*** Titled Tuesday Blitz"]
[Site "Chess.com"]
[Date "2020.11.03"]
[Round "6"]
[White "Na_binci"]
[Black "yourstrulyme"]
[Result "1-0"]
[WhiteElo "2167"]
[BlackElo "2412"]
[TimeControl "180+1"]
[EndTime "11:09:50 PST"]
[Termination "Na_binci won by checkmate"]

1. d4 Nf6 2. c4 e6 3. Nf3 d5 4. Bg5 Be7 5. Nc3 h6 6. Bh4 O-O 7. e3 b6 8. cxd5 exd5 9. Bd3 Bb7 10. O-O Nbd7 11. Rc1 Re8 12. Ne5 Nxe5 13. dxe5 Nd7 14.
Bg3 c5 15. Qh5 Nf8 16. f4 g6 17. Qxh6 d4 18. Ne2 dxe3 19. Rcd1 Qd5 20. Qh3 Rad8 21.
f5 Bc8 22. e6 Nxe6 23. fxg6 fxg6 24. Bxg6 Ng5 25. Qh5 Qxd1 26. Bf7+ Kf8 27. Qh6# 1-0

[Event "*** Titled Tuesday Blitz"]
[Site "Chess.com"]
[Date "2020.11.03"]
[Round "6"]
[White "anasta10"]
[Black "albi1999"]
[Result "0-1"]
[WhiteElo "2397"]
[BlackElo "2579"]
[TimeControl "180+1"]
[EndTime "11:09:53 PST"]
[Termination "albi1999 won by resignation"]

1. d4 Nf6 2. c4 e6 3. Nc3 Bb4 4. Bd2 O-O 5. Nf3 Bxc3 6. Bxc3 Ne4 7. Qc2 Nxc3 8. Qxc3 d6 9. Rd1 b6 10. g3 Bb7 11. Bg2 Nd7 12. O-O Qe7 13. Rfe1 Be4 14. b4 a5 15. a3 axb4 16. axb4 Nf6 17. Ra1 h6 18. h3 c6 19. Nd2 Bxg2 20. Kxg2 e5 21.
e3 e4 22. Ra3 Qe6 23. Rea1 Rab8 24. Ra7 Qf5 25. Rc7 Rfc8 26. Raa7 Rxc7 27. Rxc7 Rc8 28.
Ra7 b5 29. Qb3 bxc4 30. Qxc4 d5 31. Qc5 h5 32. Qe7 Nh7 33. Rc7 Rxc7 34. Qxc7 Ng5 35. Qf4 Qxh3+ 36. Kg1 f6 37. f3 Qe6 38. Qb8+ Kh7 39. fxe4 dxe4 40. Qc7 Qg4 41. Kg2 Qe2+ 0-1